AoeStats
← [GDL] Maldito Pantoja

Nomad

505054359Analyzed
4v4 RM · 25d ago on Sep 7, 2026· 49m 34s· 8 players
Game mode
Random Map
Map size
231×231
Population
200
Speed
Normal
Resources
Standard
Victory
Conquest
Starting age
Dark Age
Ending age
Imperial Age
RankedLock teamsTeams togetherTeam positionsShared explorationLock speedFull tech treeHidden civsTurbo modeCheats
Victory
Defeat
🇨🇿 Chinese · Czechia
1349
+16
🇲🇽 Maya · Mexico
1320
+17
🇷🇺 Huns · Russia
1299
+18
🇰🇿 Italians · Kazakhstan
1296
+18
🇧🇷 Huns · Brazil
1416
-20
🇹🇼 Malay · Taiwan
1358
-18
🇦🇷 Vietnamese · Argentina
1344
-17
🇨🇳 Vikings · China
1261
-14
[GDL] Maldito Pantoja
4:06 Loom
14:38 Feudal Age
15:08 Double-Bit Axe
18:03 Gold Mining
21:54 Castle Age
19:46 Stone Mining
19:38 Horse Collar
24:19 Wheelbarrow
25:16 Fletching
26:42 Bodkin Arrow
30:47 Padded Archer Armor
34:50 Ballistics
35:57 Hand Cart
36:50 Hand Cart
36:47 Bow Saw
36:38 Heavy Plow
37:16 Stone Shaft Mining
39:05 Town Watch
39:41 Leather Archer Armor
39:33 Thumb Ring
42:37 Imperial Age
Rakosnik
2:53 Loom
14:20 Feudal Age
15:02 Double-Bit Axe
15:23 Fishing Lines
18:06 Castle Age
19:15 Bow Saw
19:03 Fletching
19:15 Padded Archer Armor
19:09 Gillnets
19:38 Stone Mining
19:40 Gold Mining
20:55 Bodkin Arrow
20:56 Horse Collar
22:23 Wheelbarrow
22:17 Medium Warships
23:54 Ballistics
24:38 Masonry
24:49 Careening
25:36 Leather Archer Armor
27:14 Clinker Construction
28:02 Squires
29:23 Hand Cart
32:52 Imperial Age
31:31 Town Watch
32:31 Scale Mail Armor
32:41 Forging
32:58 Arson
33:41 Chain Mail Armor
33:37 Bracer
34:40 Chemistry
33:24 Elite Chu Ko Nu
33:32 Capped Ram
35:34 Elite Fire Lancer
37:51 Plate Mail Armor
37:57 Iron Casting
38:48 Siege Ram
40:00 Ring Archer Armor
41:59 Gold Shaft Mining
43:45 Rocketry
46:56 Conscription
50:50 Blast Furnace
kerich732
13:59 Feudal Age
16:29 Loom
16:48 Fishing Lines
20:24 Castle Age
18:18 Stone Mining
21:24 Fletching
21:45 Double-Bit Axe
24:18 Gold Mining
25:52 Ballistics
25:31 Gillnets
26:46 Murder Holes
29:24 Wheelbarrow
28:34 Town Watch
32:04 Horse Collar
33:38 Town Watch
33:15 Elite Skirmisher
33:58 Padded Archer Armor
35:31 Bow Saw
35:58 Heavy Plow
36:48 Hand Cart
41:34 Imperial Age
40:02 Treadmill Crane
39:47 Pikeman
40:29 Squires
40:31 Scale Mail Armor
41:06 Town Patrol
43:26 Two-Man Saw
43:02 Crop Rotation
43:34 Conscription
43:26 Arson
43:56 Forging
44:51 Chemistry
44:11 Thumb Ring
45:50 Masonry
45:47 Bodkin Arrow
47:18 Pirotechnia
48:38 Hoardings
48:06 Bracer
48:22 Leather Archer Armor
Ekx_21_Pro_Max
5:17 Loom
13:56 Feudal Age
15:55 Double-Bit Axe
18:21 Castle Age
17:40 Forging
17:35 Scale Barding Armor
17:44 Horse Collar
18:54 Bloodlines
19:21 Husbandry
22:56 Wheelbarrow
25:40 Hand Cart
28:50 Iron Casting
28:35 Chain Barding Armor
31:03 Gold Mining
31:03 Stone Mining
35:23 Imperial Age
37:04 Blast Furnace
36:39 Plate Barding Armor
35:26 Cavalier
38:59 Paladin
freedom is not free
7:32 Loom
13:19 Feudal Age
14:08 Double-Bit Axe
18:25 Castle Age
16:12 Fishing Lines
19:20 Bow Saw
19:44 Gillnets
20:04 Medium Warships
19:57 Fletching
20:06 Gold Mining
20:06 Town Watch
20:52 Bodkin Arrow
22:26 Ballistics
23:19 Clinker Construction
24:40 Masonry
24:24 Guard Tower
30:05 Murder Holes
42:46 Imperial Age
44:42 Chemistry
45:44 Architecture
48:01 Caravan
48:34 Arrowslits
48:55 Bracer
49:49 Architecture
MatRm10
4:50 Loom
15:08 Feudal Age
17:35 Fishing Lines
20:09 Castle Age
18:56 Double-Bit Axe
19:02 Gold Mining
19:20 Fletching
19:34 Stone Mining
20:20 Padded Archer Armor
21:18 Bow Saw
21:28 Medium Warships
22:15 Stone Shaft Mining
21:56 Gillnets
22:56 Bodkin Arrow
22:57 Horse Collar
24:24 Wheelbarrow
25:16 Leather Archer Armor
25:21 Horse Collar
27:25 Heavy Plow
31:59 Ballistics
31:59 Murder Holes
33:01 Treadmill Crane
34:10 Hand Cart
36:31 Imperial Age
34:31 Scale Mail Armor
34:42 Forging
36:13 Sanctity
36:22 Chain Mail Armor
36:43 Iron Casting
36:34 Scale Barding Armor
37:20 Devotion
37:28 Bracer
37:58 Ring Archer Armor
38:00 Crop Rotation
37:57 Heavy Warships
38:35 Chemistry
38:05 Siege Engineers
38:09 Squires
37:55 Arson
38:47 Murder Holes
39:47 Paper Money
39:52 Chain Barding Armor
40:02 Plate Mail Armor
41:00 Two-Man Saw
41:47 Plate Barding Armor
40:46 Elite Rattan Archer
41:32 Chatras
41:46 Bloodlines
42:08 Husbandry
42:07 Elite Fire Lancer
43:47 Plate Mail Armor
45:34 Fortified Wall
45:20 Town Watch
48:04 Arrowslits
popo770723
5:44 Loom
14:50 Feudal Age
19:53 Castle Age
18:34 Double-Bit Axe
20:17 Horse Collar
25:33 Heavy Plow
27:41 Bow Saw
29:18 Wheelbarrow
30:32 Gold Mining
34:38 Imperial Age
32:49 Hand Cart
32:35 Town Watch
34:13 Town Patrol
34:07 Fletching
34:17 Padded Archer Armor
33:40 Elite Skirmisher
35:05 Bodkin Arrow
35:58 Conscription
36:22 Leather Archer Armor
36:07 Bracer
36:35 Forging
36:30 Scale Barding Armor
35:55 Imperial Skirmisher
Kuroko
3:08 Loom
13:51 Feudal Age
19:06 Castle Age
17:10 Double-Bit Axe
18:11 Fletching
18:22 Padded Archer Armor
20:11 Bodkin Arrow
20:32 Leather Archer Armor
22:29 Bloodlines
32:24 Bow Saw
33:35 Wheelbarrow
37:34 Imperial Age
35:02 Horse Collar
35:53 Husbandry
36:08 Scale Barding Armor
36:14 Forging
36:45 Marauders
37:52 Chain Barding Armor
37:39 Elite Tarkan
38:57 Iron Casting
42:40 Plate Barding Armor
Connection lost

Rejoining the realm…

Still unreachable

The connection could not be restored.

Session expired

The server has moved on; the page needs a fresh start.